Map: Cyber Forest LE

Players

Mamba - Winner!

  • Race: Zerg Zerg
  • Spawn Location: 5:00

Gremory

  • Race: Zerg Zerg
  • Spawn Location: 11:00

Event: IEM Season 13: Katowice (2019)

VOD

Have the link to the VOD?

Description

Time

  • Played on: Feb. 26, 2019, 9:39 a.m.
  • Length: 8:41

All games in this series

Show
View Real Time Build Order
Export as new Build Order

Mamba Zerg - Winner!

Build Orders: Hatch First, Roach Nydus 

Get SALT Encoding   

  12  0:00  Drone  
  13  0:13  Overlord  
  13  0:17  Drone  
  14  0:31  Drone x2  
  16  0:49  Hatchery  
  15  0:52  Drone  
  15  0:56  Drone  
  17  1:00  Drone  
  18  1:12  Spawning Pool  
  18  1:14  Extractor  
  18  1:18  Drone  
  17  1:20  Drone  
  18  1:28  Drone  
  20  1:40  Drone  
  20  1:51  Drone  
  21  2:00  Queen  
  21  2:01  Queen  
  25  2:02  Drone  
  25  2:03  Overlord  
  26  2:12  Drone x2  
  28  2:25  Drone x2  
  30  2:34  Drone x2  
  30  2:36  Queen  
  30  2:37  Lair  
  34  2:44  Extractor, Overlord  
  33  2:47  Drone  
  34  2:55  Drone x2  
  34  2:56  Roach Warren  
  35  3:08  Drone  
  35  3:09  Drone x3  
  35  3:11  Drone x2  
  41  3:13  Overlord  
  41  3:20  Overlord  
  41  3:33  Overlord x2  
  41  3:39  Roach x2, Nydus Network  
  44  3:45  Roach x2  
  50  3:48  Roach  
  50  3:52  Roach  
  50  3:53  Roach  
  54  3:57  Roach  
  54  3:59  Roach  
  58  4:04  Roach  
  58  4:05  Roach  
  62  4:17  Nydus Canal  
  62  4:18  Evolution Chamber  
  62  4:19  Evolution Chamber  
  62  4:23  Roach  
  62  4:24  Roach x2  
  66  4:28  Roach, Drone x3  
  66  4:29  Drone  
  74  4:34  Roach  
  76  4:41  Extractor  
  76  4:43  Drone  
  76  4:45  Overlord  
  76  4:50  Evolution Chamber  
  75  4:53  Overlord x2  
  75  5:00  Nydus Canal  
  75  5:03  Queen  
  76  5:07  Queen, Drone x4  
  81  5:20  Roach x4  
  85  5:29  Zerg Missile Weapons Level 1, Glial Reconstitution  
  85  5:37  Nydus Canal  
  85  5:41  Roach x2  
  89  5:47  Drone  
  89  5:48  Drone x2  
  92  5:55  Roach  
  92  5:56  Nydus Canal  
  94  6:06  Roach  
  94  6:07  Roach  
  94  6:09  Hatchery  
  97  6:17  Roach  
  99  6:19  Overlord x2  
  99  6:24  Overlord x2  
  99  6:33  Nydus Canal  
  99  6:34  Overlord x2  
  99  6:50  Roach  
  99  6:51  Roach x9  
  119  6:57  Ravager  
  120  7:03  Drone x3  
  120  7:04  Queen  
  125  7:15  Drone x2  
  127  7:16  Overseer  
  127  7:21  Roach x6  
  139  7:32  Overlord x2  
  139  7:36  Extractor  
  138  7:42  Nydus Canal  
  138  7:47  Drone x6  
  144  7:53  Drone x2  
  146  8:02  Extractor  
  146  8:04  Roach x7  
Show
View Real Time Build Order
Export as new Build Order

Gremory Zerg 

Build Orders: Hatch First 

Get SALT Encoding   

  12  0:01  Drone  
  13  0:12  Overlord  
  13  0:16  Drone  
  14  0:31  Drone x2  
  16  0:50  Hatchery  
  16  0:52  Drone  
  16  0:56  Drone  
  17  1:00  Drone  
  18  1:10  Extractor  
  17  1:15  Spawning Pool  
  17  1:18  Drone  
  17  1:22  Drone  
  18  1:28  Drone  
  19  1:43  Drone  
  20  1:50  Drone  
  21  2:02  Queen x2  
  21  2:06  Drone x2  
  27  2:12  Overlord  
  27  2:13  Metabolic Boost  
  27  2:18  Drone  
  28  2:33  Hatchery  
  28  2:36  Drone x2  
  29  2:41  Zergling x4  
  31  2:46  Overlord  
  31  2:51  Drone  
  32  3:01  Drone x2  
  32  3:04  Baneling Nest  
  34  3:05  Drone  
  34  3:11  Drone  
  35  3:15  Drone x4  
  35  3:16  Drone  
  40  3:21  Roach Warren  
  39  3:32  Spine Crawler  
  39  3:34  Spine Crawler  
  38  3:36  Zergling x8  
  38  3:39  Extractor  
  41  3:46  Overlord  
  41  3:47  Zergling x4  
  43  3:59  Overlord  
  43  4:02  Roach x3  
  49  4:06  Roach x3  
  49  4:09  Roach  
  57  4:13  Drone  
  58  4:20  Roach x3  
  64  4:27  Drone  
  64  4:28  Drone  
  62  4:39  Roach x2  
  62  4:43  Lair  
  66  4:47  Evolution Chamber  
  65  4:53  Overlord x3  
  64  5:13  Drone x4  
  67  5:19  Drone x5  
  67  5:20  Zerg Missile Weapons Level 1  
  71  5:28  Roach x4  
  79  5:35  Extractor, Ravager  
  79  5:36  Roach x2  
  83  5:44  Overlord  
  83  5:53  Overlord  
  83  5:54  Hatchery  
  82  6:03  Roach x2  
  82  6:04  Roach x3  
  89  6:07  Roach  
  90  6:15  Roach x2  
  92  6:25  Overseer  
  92  6:29  Roach x3  
  98  6:39  Overlord x2  
  98  6:42  Extractor  
  97  6:55  Roach  
  97  6:57  Overlord  
  97  6:58  Roach  
  97  6:59  Roach x5  
  111  7:04  Overseer  
  111  7:05  Roach x2  
  115  7:13  Roach x2  
  115  7:19  Roach x3  
  115  7:21  Roach  
  123  7:24  Overlord x2  
  123  7:34  Overlord  
  123  7:44  Roach x4  
  131  8:00  Roach  
  131  8:01  Roach x5  
  143  8:06  Roach x2  
  129  8:20  Roach x5  

Tags
 
Add a new tag
Caveats
  • Supply blocks, unpowered buildings, or Contaminate may cause inaccurate times.
  • Supply counts are checked every 10 seconds.